 Dungeon Crawl Stone Soup version 0.31-a0-627-gd65175cf8b (webtiles) character file.

Game seed: 10288951761539503212

39 CrazyBamboolord the Changeling (level 3, -3/26 HPs)
             Began as a Merfolk Shapeshifter on Aug 25, 2023.
             Slain by a gnoll
             ... wielding a +0 spear
              (8 damage)
             ... on level 2 of the Dungeon.
             The game lasted 00:02:30 (698 turns).

CrazyBamboolord the Changeling (MfSh)                Turns: 698, Time: 00:02:31

Health: -3/26      AC:  2    Str: 17    XL:     3   Next: 47%
Magic:  3/3        EV: 12    Int:  7    God:
Gold:   48         SH:  0    Dex: 14    Spells: 2/2 levels left

rFire   . .          .
                       - Unarmed
rCold   . . .        (no shield)
rNeg    . . .        a - +0 animal skin
rPois   .            (helmet currently unavailable)
rElec   .            (cloak currently unavailable)
rCorr   .            (gloves currently unavailable)
SInv    .            (boots currently unavailable)
Will    .....        (no amulet)
Stlth   +            (no ring)
HPRegen 0.24/turn    (no ring)
MPRegen 0.08/turn

%: no passive effects
@: beast-form
A: beast (slay +3), (nimble swimmer 2), mertail
a: Begin Untransformation


You were on level 2 of the Dungeon.
You were a hulking beast.
You visited 1 branch of the dungeon, and saw 2 of its levels.

You collected 48 gold pieces.

Inventory:

Armour
 a - a +0 animal skin (worn)
Talismans
 c - a beast talisman (active)
 d - a flux talisman
Scrolls
 f - a scroll of fog {unknown}
 h - 2 scrolls of teleportation {unknown}
Potions
 b - a potion of lignification
 e - 4 potions of curing {unknown}
 g - a potion of brilliance {unknown}
 i - a potion of berserk rage {unknown}
 j - a potion of enlightenment {unknown}
 k - a potion of heal wounds {unknown}


   Skills:
 - Level 1.1 Fighting
 - Level 2.6 Dodging
 - Level 3.2 Unarmed Combat
 + Level 5.6 Shapeshifting


You had 2 spell levels left.
You didn't know any spells.
Your spell library contained the following spells:

 Spells                   Type           Power      Damage    Failure   Level
 Poisonous Vapours        Pois/Air       0%         N/A       56%         2
 Mephitic Cloud           Conj/Pois/Air  0%         N/A       80%         3
 Freezing Cloud           Conj/Ice/Air   0%         6-21      100%        5


Dungeon Overview and Level Annotations

Branches:
Dungeon (2/15)

Altars:


Innate Abilities, Weirdness & Mutations

You are a hulking beast.
Your limbs bulge with bestial killing power. (Slay +3)
((You are very nimble when in or above water. (Stealth+, EV+, Speed+++)))
Your lower body shifts to a powerful aquatic tail in water.


Message History

You are frozen.
There are monsters nearby!
You punch the endoplasm!
You kill the endoplasm!
A quokka is nearby!
A quokka is nearby!
A quokka is nearby!
You hit the quokka.
The quokka is heavily wounded.
The quokka bites you.
A quokka is nearby!
You completely miss the quokka.
The quokka is heavily wounded.
The quokka bites you.
A quokka is nearby!
You hit the quokka.
You kill the quokka!
A gnoll comes into view. It is wielding a +0 spear.
A gnoll is nearby!
A gnoll is nearby!
The gnoll hits you from afar with a +0 spear!
A gnoll is nearby!
The gnoll hits you with a +0 spear.
A gnoll is nearby!
You are too injured to fight recklessly!
A gnoll is nearby!
You are too injured to fight recklessly!
You are too injured to fight recklessly!
You hit the gnoll.
The gnoll is moderately wounded.
The gnoll hits you with a +0 spear.
* * * LOW HITPOINT WARNING * * *
You hit the gnoll but do no damage.
The gnoll is moderately wounded.
The gnoll hits you with a +0 spear.
* * * LOW HITPOINT WARNING * * *
You punch the gnoll!
The gnoll is severely wounded.
The gnoll hits you with a +0 spear!
You die...

############
#..........# .#
#..$.......# ...
#####..........##....
.....................
#.gh.......##..
#..........##.######
#..............##...
#..........###......#.
#.#######.............
#. ##.).#.##.#.## #
#...#....#.#
#.#....###.# #.#..#.#
#.##


You could see a gnoll.

Vanquished Creatures
  Jessica (D:2)
  A ball python (D:1)
  2 endoplasms
  A giant cockroach (D:1)
  3 kobolds
  3 quokkas
  A bat (D:1)
  A rat (D:1)
13 creatures vanquished.

Notes
Turn   | Place    | Note
-------+----------+-------------------------------------------
     0 | D:1      | CrazyBamboolord the Merfolk Shapeshifter began the quest
                  | for the Orb.
     0 | D:1      | Reached XP level 1. HP: 15/15 MP: 1/1
   319 | D:1      | Reached XP level 2. HP: 21/21 MP: 2/2
   555 | D:2      | Noticed Jessica
   572 | D:2      | Killed Jessica
   573 | D:2      | Reached skill level 5 in Shapeshifting
   573 | D:2      | Reached XP level 3. HP: 16/26 MP: 3/3
   698 | D:2      | Slain by a gnoll

Illustrated notes

Levels and vault maps discovered:
D:1:      eino_arrival_cavern_b, layout_rooms, kennysheep_boxes
D:2:      layout_rooms, kennysheep_nondescript, uniq_jessica

Skill      XL: |  1  2 |
---------------+-------+-----
Shapeshifting  | 5 |  5.6
Fighting       | |  1.1
Dodging        | |  2.6
Unarmed Combat | |  3.2

Action                     || total
---------------------------++-------
  Melee: Unarmed           ||    36
         Punch             ||     1
   Stab: Sleeping          ||     1
 Armour: Animal skin       ||     7
  Dodge: Dodged            ||    18

Table legend: (Time is in decaauts)
 A = Elapsed time spent in this place.
 B = Non-inter-level travel time spent in this place.
 C = Inter-level travel time spent in this place.
 D = Time resting spent in this place.
 E = Time spent auto-exploring this place.
 F = Levels seen in this place.
 G = Mean time per level.
                   A        B        C        D        E       F      G
               +--------+--------+--------+--------+--------+-----+--------+
         Total |    689 |    660 |     29 |      0 |    543 |   2 |  344.5 |
       Dungeon |    689 |    660 |     29 |      0 |    543 |   2 |  344.5 |
               +--------+--------+--------+--------+--------+-----+--------+

Top non-repeatable levels by time:
     D:1: 531 daAuts
     D:2: 157 daAuts
